 Dungeon Crawl Stone Soup version 0.28.0-43-g3370ac3207 (webtiles) character file.

Game seed: 7298582314242165243

30 sking99 the Chopper (level 3, -3/49 HPs)
             Began as a Hill Orc Monk on Mar 25, 2022.
             Slain by Terence
             ... wielding a +0 morningstar
              (10 damage)
             ... on level 2 of the Dungeon.
             The game lasted 00:01:34 (1256 turns).

sking99 the Chopper (Hill Orc Monk)                 Turns: 1256, Time: 00:01:35

Health: -3/49      AC: 21    Str: 15    XL:     3   Next: 18%
Magic:  3/3        EV:  2    Int: 10    God:
Gold:   68         SH:  0    Dex: 13    Spells: 2/2 levels left

rFire   . . .      SeeInvis .   a - +0 hand axe
rCold   . . .      Faith    .   (no shield)
rNeg    . . .      Spirit   .   (armour currently unavailable)
rPois   +          Reflect  .   (helmet currently unavailable)
rElec   .          Harm     .   (cloak currently unavailable)
rCorr   .          Rampage  .   (gloves currently unavailable)
Will    .....      NoTele   +   (boots currently unavailable)
Stlth   ++........              (no amulet)
HPRegen 0.16/turn               (no ring)
MPRegen 0.08/turn               (no ring)

@: tree-form
A: stationary, stasis, torment immunity, boosted hp
a: no special abilities


You were on level 2 of the Dungeon.
You were a tree.
You visited 1 branch of the dungeon, and saw 2 of its levels.

You collected 68 gold pieces.

Inventory:

Hand Weapons
 a - a +0 hand axe (weapon)
Armour
 h - a +0 ring mail (melded)
Scrolls
 d - a scroll of identify {unknown}
 e - a scroll of teleportation {unknown}
 f - a scroll of enchant armour {unknown}
 g - a scroll of fog {unknown}
 i - a scroll of fear {unknown}
Potions
 c - a potion of curing {unknown}


   Skills:
 + Level 4.1 Fighting
 * Level 5.2 Axes
 - Level 2.4 Dodging
 - Level 1.5 Stealth


You had 2 spell levels left.
You didn't know any spells.
Your spell library contained the following spells:

 Spells                   Type           Power      Damage    Failure   Level
 Tukima's Dance           Hex            0%         N/A       75%         3
 Passage of Golubria      Tloc           0%         N/A       98%         4
 Yara's Violent Unravell  Hex/Tmut       0%         3d3       100%        5


Dungeon Overview and Level Annotations

Branches:
Dungeon (2/15)

Altars:

Annotations:
D:2 Terence


Message History

Your +0 ring mail melds into your body.
Your roots penetrate the ground.
Terence hits you but does no damage.
You hit Terence but do no damage.
Terence is lightly wounded.
Terence hits you but does no damage.
You hit Terence but do no damage.
Terence is lightly wounded.
Terence hits you with a +0 morningstar!
You hit Terence but do no damage.
Terence is lightly wounded.
Terence hits you with a +0 morningstar!
You hit Terence. You punch Terence, but do no damage.
Terence is lightly wounded.
Terence hits you but does no damage.
You closely miss Terence.
Terence is lightly wounded.
Terence hits you with a +0 morningstar.
You hit Terence.
Terence is moderately wounded.
Terence hits you but does no damage.
You hit Terence.
Terence is heavily wounded.
Terence hits you with a +0 morningstar.
You hit Terence but do no damage.
Terence is heavily wounded.
Terence hits you but does no damage.
You hit Terence but do no damage.
Terence is heavily wounded.
Terence hits you but does no damage.
You hit Terence.
Terence is severely wounded.
Terence hits you but does no damage. x2
You completely miss Terence.
Terence is severely wounded.
Terence hits you with a +0 morningstar!
* * * LOW HITPOINT WARNING * * *
You hit Terence but do no damage.
Terence is severely wounded.
Terence hits you with a +0 morningstar!
You die...

..#.. ..... #.#.########...
#.#........#.####
#.#......#...#..####
############.#.####.#..........
#............#.#...........####
#.#.#..........#.#.#...).........
#.....<.@..#...@.................
###.##.........#♣...............#
.......###############...#...#
######..# #.......# #.##
#..##...# #.. #........ ..##
#..###..# .## #... .... ######...


You could see Terence.

Vanquished Creatures
  4 ball pythons
  An endoplasm (D:1)
  3 goblins (D:1)
  4 hobgoblins
  3 jackals (D:2)
  2 kobolds
  2 bats (D:1)
  7 rats
26 creatures vanquished.

Vanquished Creatures (others)
  28 plants (D:1)
28 creatures vanquished.

Grand Total: 54 creatures vanquished

Notes
Turn   | Place    | Note
-------+----------+-------------------------------------------
     0 | D:1      | sking99 the Hill Orc Monk began the quest for the Orb.
     0 | D:1      | Reached XP level 1. HP: 19/19 MP: 1/1
   224 | D:1      | Reached XP level 2. HP: 13/27 MP: 2/2
   602 | D:1      | Found a faded altar of an unknown god.
  1026 | D:2      | Reached skill level 5 in Axes
  1035 | D:2      | Reached XP level 3. HP: 27/33 MP: 3/3
  1080 | D:2      | Noticed Terence
  1256 | D:2      | Slain by Terence

Illustrated notes

Levels and vault maps discovered:
D:1:      roderic_crop_circles_arrival_small, layout_rooms,
          hellmonk_ecumenical_altar_blasted
D:2:      layout_basic, basic_altar, kennysheep_generic_room_2, uniq_terence

Skill      XL: |  1  2 |
---------------+-------+-----
Fighting       | 4 |  4.1
Axes           | 5 |  5.2
Dodging        | |  2.4
Stealth        | |  1.5

Action                   || total
-------------------------++-------
Melee: Hand axe          ||    91
       Punch             ||     1
  Use: Potion            ||     1
Armor: Robe              ||    10
       Skin              ||     8
       Ring mail         ||     5
Dodge: Dodged            ||    48
